 Dungeon Crawl Stone Soup version 0.27-a0-1154-gfdeffcb720 (webtiles) character file.

Game seed: 12603501851301619550

679 robertstho the Magician (level 7, -3/49 HPs)
             Began as a Djinni Fire Elementalist on May 14, 2021.
             Slain by a goblin
             ... wielding a +0 club
              (4 damage)
             ... on level 4 of the Dungeon.
             The game lasted 00:05:31 (4551 turns).

robertstho the Magician (Djinni Fire Elementalist)  Turns: 4551, Time: 00:05:32

Health: -3/49      AC:  2    Str:  9    XL:     7   Next: 92%
Gold:   235        EV: 13    Int: 19    God:
                   SH:  0    Dex: 13

rFire    + + .     SeeInvis .   j - +0 hand axe (flame)
rCold    x . .     Faith    .   (no shield)
rNeg     . . .     Spirit   .   a - +0 robe
rPois    ∞         Reflect  .   (no helmet)
rElec    .         Harm     .   (no cloak)
rCorr    .         Rampage  .   (no gloves)
Will     .....                  (boots unavailable)
Stlth    ++........             b - amulet of the acrobat
HPRegen  0.16/turn              (no ring)
MPRegen  0.00/turn              (no ring)

@: brilliant, flying
A: sickness immunity, fire resistance 2, cold vulnerability 1, float, innate
caster, hp casting, extra vitality 1, robust 1, strong 1, MP-powered wands
a: no special abilities


You were on level 4 of the Dungeon.
You visited 1 branch of the dungeon, and saw 4 of its levels.

You collected 235 gold pieces.

Inventory:

Hand Weapons
 c - a +0 dagger
 j - a +0 hand axe of flaming (weapon)
Missiles
 d - 3 atropa-tipped darts
Armour
 a - a +0 robe (worn)
Jewellery
 b - an amulet of the acrobat (around neck)
Wands
 l - a wand of acid (8)
Scrolls
 e - 2 scrolls of teleportation
 f - a scroll of immolation
 g - 4 scrolls of identify {unknown}
 i - a scroll of amnesia {unknown}
 m - a scroll of fog {unknown}
 p - a scroll of fear {unknown}
 q - a scroll of holy word {unknown}
 s - a scroll of vulnerability {unknown}


   Skills:
 + Level 0.1 Fighting
 + Level 0.2 Axes
 + Level 3.2 Dodging
 + Level 3.0 Stealth
 + Level 5.9 Spellcasting


You couldn't memorise any spells.
You knew the following spells:

 Your Spells              Type           Power      Damage    Failure   Level
a - Foxfire               Conj/Fire      100%       2x1d9     1%          1
b - Conjure Flame         Conj/Fire      42%        6-21      3%          3
c - Inner Flame           Hex/Fire       42%        N/A       3%          3
d - Sticky Flame          Conj/Fire      42%        2d6       10%         4
e - Fireball              Conj/Fire      21%        3d10      26%         5
f - Animate Skeleton      Necr           84%        N/A       1%          1
g - Corpse Rot            Necr/Air       N/A        N/A       1%          2
h - Stone Arrow           Conj/Erth      84%        3d12      3%          3
Your spell library was empty.

Dungeon Overview and Level Annotations

Branches:
Dungeon (4/15)
 Temple: D:4-7

Altars:
Nemelex Xobeh
Okawaru

Shops:
D:3 =

Annotations:
D:3 3 runed translucent doors, Strat's ghost, amateur NaTm


Innate Abilities, Weirdness & Mutations

You are immune to sickness and miasma.
You are immune to poison.
Your flesh is very heat resistant. (rF++)
You are vulnerable to cold. (rC-)
You float through the air rather than walking.
You learn spells naturally, not from books.
Your magical power is your life essence.
You have superior vitality. (+4 HP)
You are robust. (+10% HP)
Your muscles are strong. (Str +2)
You expend health (3 HP) to strengthen your wands.


Message History

You reach down and close the door.
Casting: Foxfire (safe; 1% risk of failure)
Press: ? - help, Q - select action, (/) - cycle Dir - look around, f - activate You conjure some foxfire!
The goblin shouts!
* * * LOW HITPOINT WARNING * * *
The foxfire hits the gnoll.
The gnoll is moderately wounded.
The foxfire hits the gnoll.
The gnoll is severely wounded.
A phantom comes into view.
An endoplasm comes into view.
Unknown command.
It was a potion of mutation.
You feel extremely strange.
You feel robust.
You feel your magical essence link to the dungeon's wands.
You feel stronger.
As you read the scroll of teleportation, it crumbles to dust.
You feel strangely unstable.
It was a potion of cancellation.
You feel strangely stable.
You feel magically purged. The gnoll hits you with a +0 whip.
* * * LOW HITPOINT WARNING * * *
It was a potion of curing.
You feel better. The gnoll hits you with a +0 whip!
* * * LOW HITPOINT WARNING * * *
Unknown command.
It was a potion of flight.
You feel more buoyant. The goblin hits you with a +0 club.
* * * LOW HITPOINT WARNING * * *
The gnoll misses you.
It was a potion of brilliance.
You feel clever all of a sudden. The goblin barely misses you.
The gnoll barely misses you.
Aiming: Corrosive Bolt
Press: ? - help, Shift-Dir - straight line, f - gnoll
Aim: a gnoll, wielding a +0 whip (severely wounded, 75% to hit)
The bolt of acid misses the gnoll.
* * * LOW HITPOINT WARNING * * *
The goblin hits you with a +0 club.
You die...

###.# #.##...###.###.#
###.# #####......Y...###.#
..#.##...#####...........#
#.#....#
#...........########
.......# #
#........Y...........#
......##
..###.#########Y######.#
.#....# #...## #.# ###..##
......##### #.######.#
.#.### ....J.g@+.###
#......... #.##
.....#g##...###.##.###..
#.# .#. ...#(.#...####..#
..## . ....##........###.#
#..# ......#.............#
..## .....##........#.####
### .###
..#..#.....#.....#
##...###...##.#........##
# #..#...### #...........#


You could see a gnoll, an endoplasm and a goblin.

Vanquished Creatures
  Grinder (D:3)
  A yak (D:4)
  Sigmund (D:2)
  A bullfrog (D:4)
  4 gnolls (D:3)
  An adder (D:3)
  A worm (D:3)
  4 dart slugs
  2 orcs (D:4)
  A ball python (D:3)
  6 bats
  4 endoplasms
  A giant cockroach (D:2)
  3 goblins
  5 hobgoblins
  9 jackals
  9 kobolds
  5 quokkas
  4 frilled lizards (D:3)
  4 rats
67 creatures vanquished.

Vanquished Creatures (collateral kills)
  4 foxfires (D:3)
4 creatures vanquished.

Vanquished Creatures (others)
  276 foxfires
  5 plants (D:3)
281 creatures vanquished.

Grand Total: 352 creatures vanquished

Notes
Turn   | Place    | Note
-------+----------+-------------------------------------------
     0 | D:1      | robertstho the Djinni Fire Elementalist began the quest for
                  | the Orb.
     0 | D:1      | Reached XP level 1. HP: 15/15 MP: 0/0
   240 | D:1      | Reached XP level 2. HP: 16/21 MP: 0/0
   525 | D:1      | Found a faded altar of an unknown god.
   900 | D:1      | Reached skill level 3 in Spellcasting
  1062 | D:1      | Reached XP level 3. HP: 21/25 MP: 0/0
  1062 | D:1      | Learned a level 1 spell: Animate Skeleton
  1820 | D:2      | Noticed Sigmund
  1828 | D:2      | Killed Sigmund
  1829 | D:2      | Reached skill level 4 in Spellcasting
  1829 | D:2      | Reached XP level 4. HP: 18/31 MP: 0/0
  1829 | D:2      | Reached XP level 5. HP: 21/35 MP: 0/0
  1829 | D:2      | Learned a level 2 spell: Corpse Rot
  2778 | D:3      | Noticed Grinder
  2794 | D:3      | Killed Grinder
  2795 | D:3      | Reached skill level 5 in Spellcasting
  2795 | D:3      | Reached XP level 6. HP: 20/40 MP: 0/0
  2795 | D:3      | Reached XP level 7. HP: 23/45 MP: 0/0
  2795 | D:3      | Learned a level 3 spell: Stone Arrow
  3223 | D:3      | Found Bejuetzo's Jewellery Shoppe.
  4003 | D:3      | Identified the Disquisition on the Igneous Escort
  4088 | D:3      | Found a runed translucent gate.
  4088 | D:3      | Found a runed translucent gate.
  4088 | D:3      | Found a runed translucent gate.
  4089 | D:3      | Noticed Strat's ghost (amateur NaTm)
  4220 | D:4      | Found a sparkling altar of Nemelex Xobeh.
  4298 | D:4      | Found an iron altar of Okawaru.
  4470 | D:4      | Noticed a yak
  4471 | D:4      | Noticed a yak
  4472 | D:4      | Noticed a yak
  4495 | D:4      | Killed a yak
  4545 | D:4      | Gained mutation: You are robust. (+10% HP) [potion of
                  | mutation]
  4545 | D:4      | Gained mutation: You expend health (3 HP) to strengthen
                  | your wands. [potion of mutation]
  4545 | D:4      | Gained mutation: Your muscles are strong. (Str +2) [potion
                  | of mutation]
  4551 | D:4      | Slain by a goblin

Illustrated notes

Levels and vault maps discovered:
D:1:      heliophobic_arrival_henge, layout_basic,
          hellmonk_ecumenical_altar_blasted, serial_bayou_crossing
D:2:      layout_basic, uniq_sigmund
D:3:      layout_loops_ring, ebering_ghost_rock_garden, gup_sewer_entry_bowl,
          serial_shops, nicolae_shop_statue_plus, serial_bayou_ford_a,
          st_stairs_12, uniq_grinder
D:4:      minmay_skewed_foursquare, layout_loops_ring,
          grunt_temple_overflow_gold_and_silver, general_overflow_altar,
          lemuel_crystal_altar, minivault_25, uniq_edmund

Skill      XL: |  1  2  3  4  5  6  7 |
---------------+----------------------+-----
Spellcasting   | 3 4 5 |  5.9
Stealth        | 2 3 |  3.0
Dodging        | 3 |  3.2
Fighting       | |  0.1
Axes           | |  0.2

Action                   |  1- 3 |  4- 6 |  7- 9 || total
-------------------------+-------+-------+-------++-------
Melee: Hand axe          |       |       |     2 ||     2
 Cast: Foxfire           |    57 |    31 |    88 ||   176
       Sticky Flame      |       |     1 |       ||     1
       Conjure Flame     |       |       |     2 ||     2
Evoke: Wand              |       |       |     1 ||     1
  Use: Potion            |       |       |     5 ||     5
       Scroll            |       |       |     2 ||     2
Armor: Robe              |       |     1 |     1 ||     2
Dodge: Dodged            |    11 |     1 |    13 ||    25

Table legend: (Time is in decaauts)
 A = Elapsed time spent in this place.
 B = Non-inter-level travel time spent in this place.
 C = Inter-level travel time spent in this place.
 D = Time resting spent in this place.
 E = Time spent auto-exploring this place.
 F = Levels seen in this place.
 G = Mean time per level.
                   A        B        C        D        E       F      G
               +--------+--------+--------+--------+--------+-----+--------+
         Total |   4549 |   4446 |    103 |      0 |   3976 |   4 | 1137.2 |
       Dungeon |   4549 |   4446 |    103 |      0 |   3976 |   4 | 1137.2 |
               +--------+--------+--------+--------+--------+-----+--------+

Top non-repeatable levels by time:
     D:1: 1454 daAuts
     D:3: 1377 daAuts
     D:2: 1322 daAuts
     D:4: 396 daAuts
